AoeStats
← ITA | MarknighT

Migration

503826003Analyzed
1v1 RM · 1mo ago on Sep 2, 2026· 36m 52s· 2 players
Game mode
Random Map
Map size
132×132
Population
200
Speed
Normal
Resources
Standard
Victory
Conquest
Starting age
Dark Age
Ending age
Imperial Age
RankedLock teamsTeams togetherTeam positionsShared explorationLock speedFull tech treeHidden civsTurbo modeCheats
Victory
Defeat
🇧🇪 Aztecs · Belgium
1805
+21
🇮🇹 Hindustanis · Italy
1917
-21
pienus23
10:05 Loom
12:19 Feudal Age
15:55 Castle Age
14:04 Double-Bit Axe
14:02 Fishing Lines
16:53 Medium Warships
17:12 Bow Saw
18:05 Gillnets
19:41 Careening
20:49 Clinker Construction
22:40 Gold Mining
27:30 Stone Mining
30:42 Scale Mail Armor
33:06 Squires
32:33 Eagle Warrior
34:14 Forging
34:24 Treadmill Crane
36:20 Chain Mail Armor
ITA | MarknighT
11:02 Feudal Age
14:51 Castle Age
13:14 Double-Bit Axe
13:55 Gold Mining
16:06 Medium Warships
15:47 Fletching
16:10 Bow Saw
17:50 Demolition Ship
21:22 Ballistics
22:15 Horse Collar
27:23 Wheelbarrow
29:38 Clinker Construction
33:28 Loom
35:40 Scale Mail Armor
Connection lost

Rejoining the realm…

Still unreachable

The connection could not be restored.

Session expired

The server has moved on; the page needs a fresh start.